 Dungeon Crawl Stone Soup version 0.16.0-17-g811c1d7 (webtiles) character file.

18973 Sorcv the Unseen (level 13, -1/74 HPs)
             Began as a Kobold Enchanter on Mar 21, 2015.
             Was a High Priest of Ashenzari.
             Slain by a komodo dragon (26 damage)
             ... on level 4 of the Lair of Beasts.
             The game lasted 00:51:19 (7687 turns).

Sorcv the Unseen (Kobold Enchanter)                 Turns: 7687, Time: 00:51:20

Health: -1/74      AC:  7    Str:  8    XL:     13   Next: 1%
Magic:  14/19      EV: 26    Int: 16    God:    Ashenzari [*****.]
Gold:   1235       SH:  9    Dex: 20    Spells: 5 memorised, 4 levels left

rFire  . . .     SeeInvis +     n - +3 dagger (venom) (curse)
rCold  . . .     Clarity  +     b - +1 robe (curse)
rNeg   + . .     SustAb   +     F - +2 buckler (curse)
rPois  .         Gourm    .     p - +1 hat (curse)
rElec  .         Spirit   .     (no cloak)
rCorr  .         Warding  +     P - +0 pair of gloves (curse)
rMut   .         Stasis   .     z - +1 pair of boots (curse)
MR     .....                    R - amulet of warding (curse)
Stlth  +++++++++.               f - ring of sustain abilities (curse)
                                v - +3 ring of intelligence (curse)

@: regenerating, not resistant to hostile enchantments, incredibly stealthy
A: carnivore 3
a: Scrying, Transfer Knowledge, Renounce Religion


You were on level 4 of the Lair of Beasts.
You worshipped Ashenzari.
Ashenzari was extremely pleased with you.
You were not hungry.

You visited 3 branches of the dungeon, and saw 14 of its levels.
You also visited: Ossuary and Ice Cave.

You collected 1235 gold pieces.

Inventory:

Hand weapons
 n - a cursed +3 dagger of venom (weapon)
Missiles
 g - 4 throwing nets (quivered)
Armour
 b - a cursed +1 robe (worn)
 p - a cursed +1 hat (worn)
 z - a cursed +1 pair of boots (worn)
 F - a cursed +2 buckler (worn)
 P - a cursed +0 pair of gloves (worn)
Jewellery
 f - a cursed ring of sustain abilities (right hand)
 v - a cursed +3 ring of intelligence (left hand)
 A - an uncursed ring of teleportation
 R - a cursed amulet of warding (around neck)
 V - an uncursed ring of ice
Magical devices
 a - a wand of flame (15)
 e - a wand of polymorph (9)
 j - a wand of fireball (2)
 s - a wand of random effects (42)
 t - a wand of lightning (5)
 G - a wand of cold (10)
 J - a wand of fire (11)
 N - a wand of fireball (0)
 S - a wand of digging (17)
 U - a wand of slowing (38)
Scrolls
 h - a scroll of recharging
 i - a scroll of enchant armour
 k - 4 scrolls of fog
 l - 2 scrolls of magic mapping
 o - 3 scrolls of teleportation
 u - a scroll of fear
 y - 2 scrolls of amnesia
 C - 2 scrolls of curse armour
 D - 3 scrolls of curse weapon
 E - 5 scrolls of remove curse
 I - 2 scrolls of enchant weapon
 O - 6 scrolls of identify
Potions
 q - a potion of agility
 r - 10 potions of curing
 w - 3 potions of flight
 x - a potion of lignification
 B - a potion of berserk rage
 H - 3 potions of restore abilities
 K - a potion of degeneration
 L - 3 potions of brilliance
 M - 3 potions of might
Books
 c - a book of Maledictions

   Spells                             Type                      Level
   a - Corona                         Hexes                        1
   b - Sure Blade                     Hexes/Charms                 2
   c - Ensorcelled Hibernation        Hexes/Ice                    2
   d - Confuse                        Hexes                        3
   e - Dazzling Spray                 Conjuration/Hexes            3
   f - Enslavement                    Hexes                        4
 Q - a book of Enchantments

   Spells                             Type                      Level
   a - Tukima's Dance                 Hexes                        3
   b - Cause Fear                     Hexes                        4
   c - Silence                        Hexes/Air                    5
   d - Deflect Missiles               Charms/Air                   6
   e - Haste                          Charms                       6
   f - Discord                        Hexes                        8
 T - a book of Battle

   Spells                             Type                      Level
   a - Infusion                       Charms                       1
   b - Shroud of Golubria             Charms/Translocation         2
   c - Song of Slaying                Charms                       2
   d - Spectral Weapon                Hexes/Charms                 3
   e - Regeneration                   Charms/Necromancy            3
Comestibles
 d - 4 meat rations
 m - 4 beef jerkies


   Skills:
 - Level 6.0 Fighting
 - Level 5.0(9.0) Short Blades
 + Level 9.1(11.6) Dodging
 * Level 18.5(20.5) Stealth
 - Level 2.0(4.0) Shields
 - Level 2.0 Spellcasting
 - Level 9.5(13.3) Hexes
 - Level 3.0(6.4) Charms
 - Level 5.0(9.0) Necromancy
 - Level 1.1(3.4) Ice Magic


You had 4 spell levels left.
You knew the following spells:

 Your Spells              Type           Power        Failure   Level  Hunger
a - Corona                Hex            #####..      1%          1    #......
b - Ensorcelled Hibernat  Hex/Ice        ####..       1%          2    ###....
c - Confuse               Hex            #####...     1%          3    ###....
d - Regeneration          Chrm/Necr      ####......   3%          3    ###....
e - Dazzling Spray        Conj/Hex       ###.....     6%          3    ###....


Dungeon Overview and Level Annotations

Branches:
Dungeon (9/15)             Temple (1/1) D:4            Lair (4/8) D:9
    Orc (0/4) D:9
  Swamp: Lair:3-6    Shoals: Lair:3-6     Snake: Lair:3-6    Spider: Lair:3-6

Altars:
Ashenzari
Cheibriados
Dithmenos
Elyvilon
Fedhas
Gozag
Kikubaaqudgha
Makhleb
Nemelex Xobeh
Qazlal
Ru
Sif Muna
Trog
Vehumet
Yredelemnul
Zin

Shops:
D:4 (   D:7 %   D:9 (

Annotations:
D:8 exclusions: obsidian statue and orange crystal statue


Innate Abilities, Weirdness & Mutations

You are small and have problems with some larger weapons.
You are carnivorous and can eat meat at any time.


Message History

You hit the eight-headed hydra!
The eight-headed hydra is lightly wounded.
The eight-headed hydra misses you.
You block the eight-headed hydra's attack.
The eight-headed hydra completely misses you.
You block the eight-headed hydra's attack.
The eight-headed hydra completely misses you.
The eight-headed hydra bites you! The eight-headed hydra bites you.
The eight-headed hydra bites you.
You hit the eight-headed hydra.
The eight-headed hydra is moderately wounded.
The komodo dragon closely misses you.
You hit the eight-headed hydra.
The eight-headed hydra is moderately wounded.
Casting: Confuse
Confirm with . or Enter, or press ? or * to list all spells.
Your skin crawls.
The komodo dragon misses you. The komodo dragon bites you!
The komodo dragon bites you!!
You die...

, ...........###..#.###.......
, ............##......'.......
,,,.....##....###....###....##.
,, ..., #....P......# #....##.
,,*,..,, #........#..# #.......
, ##.###.....#####..##....#.. ,
,*,##.........####.#+..#.......
, .r}.......l.................
,,
,....D......@................ ,
, ...........................
,..................,........ ,,
,####.P....##..#...#........
,,,***** ####...P
P.....#.....#P. * *
,##................... ,* ,, ,*
#....,....,##....P#. ,, ,
*#..........#PP....## * , ,,,
+.##*, ,* #.........


You could see an eight-headed hydra (confused) and a komodo dragon.

Vanquished Creatures
  Harold (Lair:3)
  2 hydras
  A death yak (Lair:4)
  Pikel (D:8)
  A black mamba (Lair:4)
  Joseph (D:8)
  5 spiny frogs
  A fire drake (Lair:3)
  A komodo dragon (Lair:2)
  11 polar bears
  3 blink frogs (Lair:2)
  28 yaks
  A deep elf mage (D:9)
  2 hippogriffs
  A hungry ghost (D:7)
  14 wolves (IceCv)
  A sky beast (D:7)
  11 ice beasts
  2 phantoms
  5 water moccasins
  An orc warrior (D:9)
  2 slaves (D:8)
  2 ogres
  3 porcupines
  A black bear (D:6)
  A boring beetle (Lair:2)
  2 crocodiles
  A centaur (D:9)
  4 giant frogs
  A scorpion (D:8)
  2 goliath beetles
  2 crimson imps
  4 wights (D:6)
  An orc priest (D:7)
  2 hounds
  A giant frog skeleton (D:5)
  7 iguanas
  3 orc wizards (D:7)
  6 worker ants
  4 sheep (Lair:1)
  8 mummies (Ossuary)
  A worker ant zombie (D:5)
  11 adders
  25 river rats
  2 worms (D:4)
  An adder skeleton (D:4)
  2 giant geckos
  11 orcs
  3 ball pythons
  9 bats
  A bat skeleton (D:7)
  2 giant cockroaches (D:2)
  6 hobgoblins
  2 giant newts
  A gnoll zombie (Ossuary)
  7 goblins
  2 hobgoblin zombies (Ossuary)
  7 jackals
  5 kobolds
  2 kobold zombies (Ossuary)
  3 orc zombies (Ossuary)
  14 quokkas
  A quokka skeleton (D:5)
  12 rats
281 creatures vanquished.

Vanquished Creatures (others)
  A polar bear (IceCv)
  A slave (D:9)
  An orc (D:9)
  A kobold (D:9)
  A quokka zombie (D:8)
  A rat (D:9)
  2 fungi (D:9)
  A plant (D:9)
9 creatures vanquished.

Grand Total: 290 creatures vanquished

Notes
Turn   | Place    | Note
--------------------------------------------------------------
     0 | D:1      | Sorcv, the Kobold Enchanter, began the quest for the Orb.
     0 | D:1      | Reached XP level 1. HP: 10/10 MP: 3/3
   237 | D:1      | Reached XP level 2. HP: 13/15 MP: 4/4
   241 | D:1      | Learned a level 2 spell: Ensorcelled Hibernation
   674 | D:1      | Reached skill level 5 in Stealth
   766 | D:2      | Reached XP level 3. HP: 16/19 MP: 6/6
   912 | D:2      | Found a shadowy altar of Dithmenos.
  1034 | D:2      | Reached skill level 6 in Stealth
  1300 | D:3      | Reached XP level 4. HP: 18/24 MP: 7/7
  1305 | D:3      | Learned a level 3 spell: Confuse
  1723 | D:4      | Found a staircase to the Ecumenical Temple.
  1728 | D:4      | Reached skill level 7 in Stealth
  1747 | Temple   | Entered the Ecumenical Temple
  1828 | Temple   | Became a worshipper of Ashenzari the Shackled
  1953 | D:4      | Reached XP level 5. HP: 28/28 MP: 9/9
  2197 | D:4      | Found Lotuyd's Weapon Boutique.
  2206 | D:4      | Reached skill level 8 in Stealth
  2206 | D:4      | Reached skill level 1 in Ice Magic
  2442 | D:5      | Entered Level 5 of the Dungeon
  2476 | D:5      | Reached XP level 6. HP: 32/32 MP: 10/10
  2494 | D:5      | Found a bloodstained altar of Trog.
  2521 | D:5      | Found a deep blue altar of Sif Muna.
  2548 | D:5      | Found a stormy altar of Qazlal.
  2639 | D:5      | Noticed an ogre
  2651 | D:5      | Killed an ogre
  2651 | D:5      | Reached skill level 1 in Shields
  2806 | D:6      | Noticed a black bear
  2812 | D:6      | Noticed an ice beast
  2928 | D:6      | Noticed an ice beast
  2984 | D:6      | Killed an ice beast
  2984 | D:6      | Reached skill level 9 in Stealth
  2984 | D:6      | Reached XP level 7. HP: 29/36 MP: 1/12
  3098 | D:6      | Killed an ice beast
  3135 | D:6      | Killed a black bear
  3135 | D:6      | Reached skill level 10 in Stealth
  3135 | D:6      | Reached XP level 8. HP: 35/41 MP: 3/13
  3393 | D:7      | Found Ghec's Food Boutique.
  3525 | D:7      | Found a sand-covered staircase.
  3530 | Ossuary  | Entered an ossuary
  3728 | Ossuary  | Acquired Ashenzari's first power
  3814 | D:7      | Reached skill level 5 in Dodging
  3814 | D:7      | Reached skill level 11 in Stealth
  3814 | D:7      | Reached skill level 5 in Hexes
  3846 | D:8      | Noticed an orange crystal statue
  4003 | D:8      | Noticed an obsidian statue
  4003 | D:8      | Noticed Joseph
  4027 | D:8      | Killed Joseph
  4027 | D:8      | Reached XP level 9. HP: 26/45 MP: 7/14
  4042 | D:8      | Noticed Pikel
  4200 | D:7      | Reached skill level 12 in Stealth
  4302 | D:8      | Killed Pikel
  4404 | D:8      | Found a white marble altar of Elyvilon.
  4444 | D:9      | Found a staircase to the Lair.
  4670 | D:9      | Reached skill level 13 in Stealth
  4692 | D:9      | Found a staircase to the Orcish Mines.
  4692 | D:9      | Found Xassifej's Weapon Shop.
  4715 | D:9      | Reached skill level 5 in Short Blades
  4715 | D:9      | Reached XP level 10. HP: 50/50 MP: 9/16
  4815 | Lair:1   | Entered Level 1 of the Lair of Beasts
  4815 | Lair:1   | Acquired Ashenzari's second power
  4903 | Lair:1   | Reached skill level 1 in Fighting
  4998 | D:9      | Learned a level 3 spell: Regeneration
  5275 | Lair:1   | Reached skill level 14 in Stealth
  5547 | Lair:2   | Noticed a spiny frog
  5554 | Lair:2   | Killed a spiny frog
  5554 | Lair:2   | Reached skill level 1 in Necromancy
  5563 | Lair:2   | Reached XP level 11. HP: 36/60 MP: 7/17
  5620 | Lair:2   | Reached skill level 15 in Stealth
  5648 | Lair:2   | Found a white marble altar of Elyvilon.
  5778 | Lair:2   | Acquired Ashenzari's third power
  5968 | Lair:3   | Noticed a death yak
  5968 | Lair:3   | Noticed a death yak
  5968 | Lair:3   | Noticed a death yak
  6027 | Lair:3   | Noticed a six-headed hydra
  6040 | Lair:3   | Killed a six-headed hydra
  6040 | Lair:3   | Reached skill level 5 in Fighting
  6133 | Lair:3   | Noticed Harold
  6141 | Lair:3   | Killed Harold
  6208 | Lair:3   | Reached skill level 16 in Stealth
  6227 | Lair:3   | Found a frozen archway.
  6388 | IceCv    | Entered an ice cave
  6469 | IceCv    | Reached XP level 12. HP: 53/69 MP: 10/18
  6530 | IceCv    | Reached skill level 1 in Charms
  6584 | IceCv    | Reached skill level 5 in Necromancy
  6758 | IceCv    | Reached skill level 17 in Stealth
  6945 | IceCv    | Noticed a frost giant
  6945 | IceCv    | Noticed a death yak
  6945 | IceCv    | Noticed a death yak
  7185 | IceCv    | HP: 1/70 [something (5)]
  7264 | Lair:3   | Learned a level 3 spell: Dazzling Spray
  7417 | Lair:3   | Reached skill level 18 in Stealth
  7430 | Lair:3   | Noticed a death yak
  7556 | Lair:4   | Noticed a four-headed hydra
  7558 | Lair:4   | Killed a four-headed hydra
  7564 | Lair:4   | Killed a death yak
  7580 | Lair:4   | Reached XP level 13. HP: 29/74 MP: 5/19
  7654 | Lair:4   | Acquired Ashenzari's fourth power
  7666 | Lair:4   | Noticed an eight-headed hydra
  7687 | Lair:4   | Slain by a komodo dragon

Action                   |  1- 3 |  4- 6 |  7- 9 | 10-12 | 13-15 || total
-------------------------+-------+-------+-------+-------+-------++-------
Melee: Dagger            |    49 |    79 |   183 |   454 |     5 ||   770
 Cast: Ensorcelled Hiber |       |    11 |    19 |    69 |       ||    99
       Confuse           |       |     6 |    12 |    22 |     1 ||    41
       Corona            |       |       |     3 |       |       ||     3
       Regeneration      |       |       |       |    10 |     1 ||    11
       Dazzling Spray    |       |       |       |     5 |       ||     5
Evoke: Wand              |       |       |       |     4 |       ||     4
  Use: Potion            |     1 |       |     4 |     2 |       ||     7
       Scroll            |       |    20 |    10 |     6 |       ||    36
 Stab: Sleeping          |     6 |    13 |    17 |    68 |     1 ||   105
       Confused          |       |       |     6 |    12 |       ||    18
       Distracted        |       |       |       |     2 |       ||     2
  Eat: Chunk             |       |     5 |    11 |    19 |       ||    35
       Pizza             |       |     1 |       |       |       ||     1
       Beef jerky        |       |       |     1 |       |       ||     1
